 Seeded DCSS version 0.30.0-19-g36f170ea60 (webtiles) character file.

Game seed: 5 (custom seed)

1934 Kazon the Trooper (level 8, -5/62 (68) HPs)
             Began as a Purple Draconian Fighter on May 30, 2023.
             Was a Follower of Makhleb.
             Slain by a wight
             ... wielding a +0 dire flail
              (10 damage)
             ... on level 7 of the Dungeon.
             The game lasted 00:24:01 (4101 turns).

Kazon the Trooper (Purple Draconian Fighter)        Turns: 4101, Time: 00:24:01

HP:   -5/62 (68)    AC:  6    Str: 19    XL:     8   Next: 97%
MP:   0/20          EV: 14    Int: 11    God:    Makhleb [*.....]
Gold: 296           SH:  5    Dex: 16    Spells: 7/7 levels left

rFire   . . .        f - +0 hand axe (flame)
rCold   . . .        b - +0 buckler
rNeg    . . .        (body armour unavailable)
rPois   .            (helmet restricted)
rElec   .            (no cloak)
rCorr   .            (no gloves)
SInv    .            (no boots)
Will    +....        C - amulet of guardian spirit
Stlth   ++           r - ring of magical power
HPRegen 0.30/turn    z - +6 ring of dexterity
MPRegen 0.17/turn

%: guardian spirit
@: short of breath, drained
A: breathe power, AC +6, unfitting armour, cold-blooded
a: Breathe Dispelling Energy, Renounce Religion


You were on level 7 of the Dungeon.
You worshipped Makhleb.
Makhleb was aware of your devotion.
You visited 2 branches of the dungeon, and saw 8 of its levels.

You collected 296 gold pieces.

Inventory:

Hand Weapons
 d - a +1 quick blade of venom
 e - a +2 vampiric dagger
 f - a +0 hand axe of flaming (weapon)
 v - a +0 vampiric hand axe
Missiles
 j - 5 boomerangs
 s - 4 poisoned darts
 w - 17 stones (quivered)
Armour
 a - a +0 pair of gloves
 b - a +0 buckler (worn)
 i - a +0 tower shield
Jewellery
 r - a ring of magical power (left hand)
 z - a +6 ring of dexterity (right hand)
 C - an amulet of guardian spirit (around neck)
Wands
 l - a wand of paralysis (8)
Scrolls
 m - 3 scrolls of identify {unknown}
 n - a scroll of summoning {unknown}
 o - 2 scrolls of magic mapping {unknown}
 p - 2 scrolls of teleportation {unknown}
 q - a scroll of blinking {unknown}
 y - a scroll of torment {unknown}
 A - a scroll of amnesia {unknown}
 E - a scroll of poison {unknown}
 F - a scroll of enchant armour {unknown}
Potions
 c - a potion of might
 g - a potion of magic {unknown}
 h - a potion of resistance {unknown}
 k - 3 potions of curing {unknown}
 t - 2 potions of invisibility {unknown}
 u - a potion of berserk rage {unknown}
 x - 2 potions of heal wounds {unknown}
 B - a potion of lignification {unknown}
 D - a potion of attraction {unknown}
 G - 4 potions of flight {unknown}


   Skills:
 + Level 5.3 Fighting
 + Level 5.1 Short Blades
 + Level 0.3(1.5) Axes
 + Level 2.4(2.5) Maces & Flails
 + Level 3.6 Throwing
 + Level 4.9 Dodging
 + Level 1.5 Stealth
 + Level 4.8 Shields
 * Level 4.5 Invocations
 * Level 3.7 Evocations


You had 7 spell levels left.
You didn't know any spells.
Your spell library contained the following spells:

 Spells                   Type           Power      Damage    Failure   Level
 Frozen Ramparts          Ice            0%         1d1       78%         3
 Ignite Poison            Fire/Tmut/Pois 0%         N/A       78%         3
 Ice Form                 Ice/Tmut       0%         N/A       99%         4
 Sticky Flame             Conj/Fire      0%         2d3       99%         4
 Summon Ice Beast         Ice/Summ       0%         N/A       99%         4
 Summon Forest            Summ/Tloc      0%         N/A       100%        5
 Eringya's Noxious Bog    Tmut/Pois      0%         N/A       100%        6
 Summon Hydra             Summ           0%         N/A       100%        7
 Ignition                 Fire           0%         3d3       100%        8


Dungeon Overview and Level Annotations

Branches:
Dungeon (7/15)             Temple (1/1) D:4

Altars:
Dithmenos
Fedhas
Gozag
Hepliaklqana
Makhleb
Okawaru
Qazlal
Ru
Wu Jian
Xom
The Shining One


Innate Abilities, Weirdness & Mutations

You can breathe bolts of dispelling energy.
Your rich purple scales are hard. (AC +6)
You cannot fit into any form of body armour.
You are cold-blooded and may be slowed by cold attacks.


Message History

Makhleb accepts your kill.
You feel better.
You hit the wight. You burn the wight.
The wight is moderately damaged.
The wight misses you.
You hit the wight but do no damage.
The wight is moderately damaged.
The wight closely misses you.
The wight hits you with a +0 dire flail.
You feel drained.
You closely miss the wight.
The wight is moderately damaged.
The wight hits you with a +0 dire flail!
You closely miss the wight.
The wight is moderately damaged.
The wight hits you with a +0 dire flail.
* * * LOW HITPOINT WARNING * * *
You feel drained.
* * * LOW HITPOINT WARNING * * *
You hit the wight. You burn the wight.
The wight is heavily damaged.
The wight misses you.
You closely miss the wight.
You tail-slap the wight, but do no damage.
The wight is moderately damaged.
The wight hits you with a +0 dire flail!
* * * LOW HITPOINT WARNING * * *
You feel drained.
* * * LOW HITPOINT WARNING * * *
The wight hits you with a +0 dire flail!
* * * LOW HITPOINT WARNING * * *
The wight attacks as you move away! The wight barely misses you.
Aiming: Breathe Dispelling Energy (4% risk of failure)
Press: ? - help, Shift-Dir - straight line, f - wight
Aim: a wight, wielding a +0 dire flail and wearing a +0 robe (moderately damaged, 53% to hit)
You breathe a bolt of dispelling energy.
The bolt of dispelling energy misses the wight.
You hear an angry buzzing noise.
The wight hits you with a +0 dire flail!
You die...

#.####.#########..#
#.# #..# #.#
#..#### #.# #.....#
#.# #..##.#### ...#
#.)....... #.#
#[..#.####
.##.##.######.....#
y........))z@...###
.##.##.######..##
#.#######..#
..###.......## #.#
#.........# #.
#..######.# # #..
.# #.. .# #.. ..


You could see a wight.

Vanquished Creatures
  Sigmund (D:4)
  Duvessa (D:6)
  A water moccasin (D:6)
  2 black bears (D:4)
  2 centaurs
  An ogre (D:4)
  2 scorpions
  4 wights (D:7)
  Dowan (D:6)
  A howler monkey (D:6)
  4 hounds
  3 orc priests (D:6)
  A jelly (D:5)
  6 iguanas
  4 orc wizards (D:6)
  4 gnolls (D:5)
  9 adders
  A white imp (D:7)
  2 ufetubi
  3 worms
  15 orcs
  4 bats
  9 endoplasms
  A giant cockroach (D:1)
  12 goblins
  7 hobgoblins
  11 jackals
  3 kobolds
  3 quokkas (D:4)
  6 ball pythons
  3 frilled lizards
  4 rats
131 creatures vanquished.

Notes
Turn   | Place    | Note
-------+----------+-------------------------------------------
     0 | D:1      | Kazon the Draconian Fighter began the quest for the Orb.
     0 | D:1      | Reached XP level 1. HP: 19/19 MP: 1/1
    51 | D:1      | Identified a scroll of acquirement
    51 | D:1      | Acquired a +1 quick blade of venom
    85 | D:1      | Reached XP level 2. HP: 26/26 MP: 2/2
   633 | D:1      | Reached XP level 3. HP: 31/31 MP: 3/3
  1170 | D:2      | Reached skill level 1 in Short Blades
  1190 | D:2      | Reached XP level 4. HP: 36/40 MP: 4/4
  1488 | D:2      | Reached skill level 1 in Throwing
  1571 | D:3      | Found a blossoming altar of Fedhas.
  1772 | D:3      | Identified the +2 sling "Qeuhanocyt" {speed, rElec Str-3
                  | Dex+2}
  1792 | D:3      | Found a faded altar of an unknown god.
  1834 | D:3      | Found a stormy altar of Qazlal.
  2069 | D:4      | Found a staircase to the Ecumenical Temple.
  2080 | Temple   | Entered the Ecumenical Temple
  2098 | Temple   | Became a worshipper of Makhleb the Destroyer
  2362 | D:4      | Reached XP level 5. HP: 46/46 MP: 5/5
  2480 | D:4      | Reached skill level 1 in Invocations
  2609 | D:4      | Noticed a black bear
  2626 | D:4      | Killed a black bear
  2627 | D:4      | Reached XP level 6. HP: 43/52 MP: 7/7
  2661 | D:4      | Noticed Sigmund
  2672 | D:4      | Killed Sigmund
  2769 | D:4      | Found a hazy altar of Hepliaklqana.
  2771 | D:4      | Found a shadowy altar of Dithmenos.
  2772 | D:4      | Noticed a shadow
  2819 | D:4      | Your scales start taking on a rich purple colour.
  2819 | D:4      | Reached XP level 7. HP: 34/60 MP: 8/8
  2864 | D:5      | Entered Level 5 of the Dungeon
  2896 | D:5      | Reached skill level 1 in Evocations
  3105 | D:5      | HP: 2/60 [ogre/+0 giant spiked club (10)]
  3114 | D:4      | Reached skill level 1 in Stealth
  3416 | D:6      | Noticed Dowan
  3418 | D:6      | Noticed Duvessa
  3433 | D:6      | Killed Dowan
  3447 | D:6      | Killed Duvessa
  3447 | D:6      | Reached * piety under Makhleb
  3448 | D:6      | Reached XP level 8. HP: 43/67 MP: 10/10
  3636 | D:6      | Reached skill level 5 in Fighting
  3678 | D:6      | Found a shimmering altar of Xom.
  4068 | D:7      | Reached skill level 5 in Short Blades
  4101 | D:7      | Slain by a wight

Illustrated notes

Levels and vault maps discovered:
D:1:      ebering_trefoil_3fold, layout_basic, st_stairs_14, serial_bayou_ford_a
D:2:      layout_basic, hangedman_decor_growths, minmay_close_crescents
D:3:      layout_rooms, mainiacjoe_overflow_concentric_impassable,
          mainiacjoe_overflow_paths, shapermc_ecumenical_altar_acropolis,
          chequers_serial_rivers_micro_b
D:4:      layout_basic, riverfiend_overflow_shadow_ancestor,
          minmay_temple_entry_glass, uniq_sigmund
D:5:      layout_gridville
D:6:      layout_basic, xom_teletrap_fun, uniq_duvessa
D:7:      layout_loops_ring, enter_ossuary_3, roderic_batcave
Temple:   nicolae_temple_elliptical

Skill      XL: |  1  2  3  4  5  6  7  8 |
---------------+-------------------------+-----
Dodging        | 3 4 |  4.9
Short Blades   | 1 2 3 4 5 |  5.1
Throwing       | 1 2 3 |  3.6
Fighting       | 4 5 |  5.3
Invocations    | 1 2 3 4 |  4.5
Shields        | 4 |  4.8
Evocations     | 2 3 |  3.7
Stealth        | 1 |  1.5
Axes           | |  0.3
Maces & Flails | |  2.4

Action                     |  1- 3 |  4- 6 |  7- 9 || total
---------------------------+-------+-------+-------++-------
  Melee: Flail             |    25 |       |       ||    25
         Quick blade       |   117 |   154 |   224 ||   495
         Tailslap          |    14 |    28 |    44 ||    86
         Hand axe          |       |       |    43 ||    43
  Throw: Dart              |       |     6 |     7 ||    13
         Stone             |       |     2 |    28 ||    30
         Boomerang         |       |       |    14 ||    14
Ability: Breathe Dispellin |       |       |    10 ||    10
    Use: Scroll            |     1 |     2 |       ||     3
 Armour: Skin              |    31 |    16 |    27 ||    74
  Dodge: Dodged            |    59 |    50 |   107 ||   216
  Block: Buckler           |    25 |    26 |    40 ||    91
